 Dungeon Crawl Stone Soup version 0.20.1-1-g8b1a95d (webtiles) character file.

107 McKennaii the Conjurer (level 4, 0/33 HPs)
             Began as a Draconian Conjurer on Aug 5, 2017.
             Slain by an iguana (11 damage)
             ... on level 4 of the Dungeon.
             The game lasted 00:03:06 (3003 turns).

McKennaii the Conjurer (Draconian Conjurer)         Turns: 3003, Time: 00:03:07

Health: 0/33       AC:  7    Str: 10    XL:     4   Next: 57%
Magic:  0/8        EV: 12    Int: 16    God:
Gold:   92         SH:  0    Dex: 12    Spells: 8/9 levels left

rFire    . . .     SeeInvis +     - Unarmed
rCold    . . .     Gourm    .   (no shield)
rNeg     . . .     Faith    .   (armour unavailable)
rPois    .         Spirit   .   (helmet restricted)
rElec    .         Reflect  .   (no cloak)
rCorr    .         Harm     .   o - +0 pair of gloves
MR       .....                  l - +0 pair of boots
Stlth    ++........             (no amulet)
Regen    0.2/turn               k - ring of see invisible
MPRegen  0.2/turn               (no ring)

@: no status effects
A: unfitting armour, cold-blooded, AC +5
a: no special abilities


You were on level 4 of the Dungeon.
You were very hungry.

You visited 1 branch of the dungeon, and saw 4 of its levels.

You collected 92 gold pieces.

Inventory:

Armour
 l - a +0 pair of boots (worn)
 o - a +0 pair of gloves (worn)
Jewellery
 k - a ring of see invisible (left hand)
Scrolls
 c - 4 scrolls of teleportation {unknown}
 e - 5 scrolls of identify {unknown}
 f - a scroll of random uselessness {unknown}
 g - 2 scrolls of enchant armour {unknown}
 i - 6 scrolls of remove curse {unknown}
 m - a scroll of blinking {unknown}
 n - a scroll of immolation {unknown}
 r - a scroll of fog {unknown}
 s - a scroll of noise {unknown}
 u - a scroll of magic mapping {unknown}
 w - a scroll of recharging {unknown}
Potions
 d - 2 potions of curing {unknown}
 h - 3 potions of degeneration {unknown}
 j - 2 potions of invisibility {unknown}
 p - a potion of lignification {unknown}
 q - a potion of agility {unknown}
 t - 2 potions of heal wounds {unknown}
 v - 2 potions of haste {unknown}
Books
 a - a book of Conjurations

   Spells                             Type                      Level
   a - Magic Dart                     Conjuration                  1
   b - Searing Ray                    Conjuration                  2
   c - Dazzling Spray                 Conjuration/Hexes            3
   d - Fulminant Prism                Conjuration/Hexes            4
   e - Force Lance                    Conjuration/Translocation    4
   f - Iskenderun's Mystic Blast      Conjuration                  4
Comestibles
 b - 2 bread rations


   Skills:
 + Level 2.0 Dodging
 + Level 1.8 Stealth
 + Level 1.3 Unarmed Combat
 * Level 3.0 Spellcasting
 + Level 4.9 Conjurations


You had 8 spell levels left.
You knew the following spells:

 Your Spells              Type           Power        Failure   Level  Hunger
a - Magic Dart            Conj           ###.         2%          1    #......


Dungeon Overview and Level Annotations

Branches:
Dungeon (4/15)
 Temple: D:4-7

Altars:
Okawaru


Innate Abilities, Weirdness & Mutations

Your plain brown scales are hard. (AC +5)
You cannot fit into any form of body armour.
You are cold-blooded and may be slowed by cold attacks.


Message History

The magic dart hits the iguana.
The iguana is heavily wounded.
The iguana bites you!
Casting: Magic Dart
Confirm with . or Enter, or press ? or * to list all spells.
Aiming: Magic Dart
Press: ? - help, Shift-Dir - straight line, f/p - iguana
Aim: an iguana (heavily wounded)
The magic dart hits the iguana.
The iguana is heavily wounded.
The iguana bites you!
Casting: Magic Dart
Confirm with . or Enter, or press ? or * to list all spells.
Aiming: Magic Dart
Press: ? - help, Shift-Dir - straight line, f/p - iguana
Aim: an iguana (heavily wounded)
The magic dart hits the iguana.
The iguana is heavily wounded.
The iguana bites you!
You die...

......####+#####.#
.........#.##.##.#
......##...##.##.#
............#.##.#
.......l....'.##.#
#........####.##########
###...#.## #..........#
.......###l##
#..........# #......
#@.# #..........#
#...... ##.##
#..........# #......
#..# #..........#
#......
##.###..........#
..#.... #...#..........#
....... #............###
#......#####.#
#......#####.#
.........##<...#


You could see an iguana.

Vanquished Creatures
  4 adders
  2 oozes
  2 worms
  2 dart slugs (D:1)
  An orc (D:3)
  4 giant cockroaches
  8 goblins
  6 hobgoblins
  5 jackals (D:2)
  8 kobolds
  A ball python (D:3)
  A bat (D:1)
  3 frilled lizards (D:2)
  6 rats
53 creatures vanquished.

Notes
Turn   | Place    | Note
-------+----------+-------------------------------------------
     0 | D:1      | McKennaii the Draconian Conjurer began the quest for the Orb.
     0 | D:1      | Reached XP level 1. HP: 14/14 MP: 3/3
   306 | D:1      | Reached XP level 2. HP: 20/20 MP: 0/5
   858 | D:2      | Reached XP level 3. HP: 13/26 MP: 0/6
   935 | D:2      | Found an iron altar of Okawaru.
  1504 | D:2      | Reached XP level 4. HP: 28/33 MP: 3/8
  1687 | D:3      | Reached skill level 1 in Unarmed Combat
  3003 | D:4      | Slain by an iguana

Skill      XL: |  1  2  3  4 |
---------------+-------------+-----
Dodging        | 2 |  2.0
Unarmed Combat | 1 |  1.3
Spellcasting   | 3 |  3.0
Stealth        | |  1.8
Conjurations   | |  4.9

Action                   |  1- 3 |  4- 6 || total
-------------------------+-------+-------++-------
Melee: Unarmed           |    48 |       ||    48
       Tailslap          |     7 |       ||     7
 Cast: Magic Dart        |    71 |    52 ||   123
  Eat: Chunk             |     3 |     3 ||     6
Armor: Skin              |    15 |     4 ||    19
Dodge: Dodged            |    30 |       ||    30
